 Dungeon Crawl Stone Soup version 0.27-a0-1136-g0b992a5a9d (webtiles) character file.

Game seed: 12821726281197623535

142 leviel the Covered (level 5, 0/46 HPs)
             Began as a Minotaur Fighter on May 6, 2021.
             Slain by an orc wizard
             ... wielding a +0 dagger
              (3 damage)
             ... on level 3 of the Dungeon.
             The game lasted 00:01:51 (1984 turns).

leviel the Covered (Minotaur Fighter)               Turns: 1984, Time: 00:01:52

Health: 0/46       AC:  7    Str: 21    XL:     5   Next: 4%
Magic:  4/4        EV:  8    Int:  5    God:
Gold:   129        SH:  0    Dex: 10    Spells: 4/4 levels left

rFire    . . .     SeeInvis .   a - +0 war axe
rCold    . . .     Faith    .   c - +0 kite shield
rNeg     . . .     Spirit   .   b - +0 scale mail
rPois    .         Reflect  .   (helmet restricted)
rElec    .         Harm     .   (no cloak)
rCorr    .         Rampage  .   (no gloves)
Will     .....                  (no boots)
Stlth    ..........             (no amulet)
HPRegen  0.15/turn              (no ring)
MPRegen  0.09/turn              (no ring)

@: confused, mighty
A: horns 2, retaliatory headbutt
a: no special abilities


You were on level 3 of the Dungeon.
You visited 1 branch of the dungeon, and saw 3 of its levels.

You collected 129 gold pieces.

Inventory:

Hand Weapons
 a - a +0 war axe (weapon)
Missiles
 g - 3 curare-tipped darts (quivered)
 i - 8 atropa-tipped darts
Armour
 b - a +0 scale mail (worn)
 c - a +0 kite shield (worn)
Wands
 m - a wand of flame (20)
Scrolls
 f - a scroll of vulnerability {unknown}
 j - 2 scrolls of noise {unknown}
 k - 3 scrolls of identify {unknown}
 l - a scroll of enchant weapon {unknown}
 n - a scroll of teleportation {unknown}
Potions
 e - 2 potions of attraction {unknown}
 h - a potion of curing {unknown}
 o - a potion of brilliance {unknown}


   Skills:
 + Level 4.1 Fighting
 + Level 3.7 Axes
 + Level 5.1 Armour
 + Level 0.8 Dodging
 + Level 0.1 Stealth
 + Level 4.5 Shields


You had 4 spell levels left.
You didn't know any spells.
Your spell library was empty.

Dungeon Overview and Level Annotations

Branches:
Dungeon (3/15)

Altars:
Hepliaklqana
Makhleb
Nemelex Xobeh
Sif Muna
The Shining One


Innate Abilities, Weirdness & Mutations

You have a pair of horns on your head.
You reflexively headbutt those who attack you in melee.


Message History

The orc wizard hits you but does no damage.
You hit the orc wizard.
You kill the orc wizard!
You closely miss something. Something hits you.
You hear some strange, mumbled words.
A magic dart appears from out of thin air!
The magic dart hits you.
Your Armour skill increases to level 5!
You have reached level 5!
You hear some strange, mumbled words.
You are more confused.
You bump into the rock wall.
You hear some strange, mumbled words.
A puff of flame appears from out of thin air!
The puff of flame hits you.
Unknown command.
You hear some strange, mumbled words.
A puff of flame appears from out of thin air!
The puff of flame hits you!
* * * LOW HITPOINT WARNING * * *
Items here: )) [[ †.
You're too confused to move!
Something hits you but does no damage.
You feel very mighty all of a sudden. Something hits you.
* * * LOW HITPOINT WARNING * * *
Something hits you but does no damage.
Things that are here:
a +0 dagger; a +0 robe Something hits you.
* * * LOW HITPOINT WARNING * * *
You feel less confused.
A magic dart appears from out of thin air!
The magic dart hits you.
* * * LOW HITPOINT WARNING * * *
You hear some strange, mumbled words.
You are confused.
You barely miss something. Something hits you but does no damage.
Something hits you but does no damage.
You miss something. Your headbutt misses something. Something hits you.
You die...

.##.# .##.#
.##)## .#...#
.#...# ###
[#...#
#.#############
.#...#
#..............
.....#
#.###)......#
##...# #<#
#))@....#
##...# #.#
#.......#
##...# #.#
#.......#
##...# #.#
#.......#
.....# #.#
#.........
.#..## #.#
#...........
.#..... #.#
#...........
.##.#### #.#
#...........
..#.# #.#
#######.....


There were no monsters in sight!

Vanquished Creatures
  A hound (D:3)
  An orc wizard (D:3)
  3 adders
  A worm (D:2)
  2 dart slugs
  5 orcs
  5 ball pythons
  5 bats
  5 endoplasms
  3 goblins
  3 hobgoblins
  4 jackals (D:1)
  3 quokkas
  5 frilled lizards
  3 kobolds
  3 rats (D:2)
52 creatures vanquished.

Notes
Turn   | Place    | Note
-------+----------+-------------------------------------------
     0 | D:1      | leviel the Minotaur Fighter began the quest for the Orb.
     0 | D:1      | Reached XP level 1. HP: 19/19 MP: 0/0
   100 | D:1      | Reached XP level 2. HP: 26/27 MP: 1/1
   476 | D:1      | Found a faded altar of an unknown god.
   547 | D:1      | Reached skill level 4 in Armour
   755 | D:2      | Reached XP level 3. HP: 33/33 MP: 2/2
  1662 | D:3      | Reached XP level 4. HP: 40/40 MP: 3/3
  1721 | D:3      | Found a glowing golden altar of the Shining One.
  1918 | D:3      | Found a hazy altar of Hepliaklqana.
  1919 | D:3      | Found a sparkling altar of Nemelex Xobeh.
  1920 | D:3      | Found a burning altar of Makhleb.
  1936 | D:3      | Found a shimmering blue altar of Sif Muna.
  1971 | D:3      | Reached skill level 5 in Armour
  1971 | D:3      | Reached XP level 5. HP: 18/46 MP: 4/4
  1979 | D:3      | HP: 2/46 [something/magic dart (3)]
  1984 | D:3      | Slain by an orc wizard

Illustrated notes

Levels and vault maps discovered:
D:1:      tarquinn_simple_flora_water_e, layout_loops_ring,
          ebering_ecumenical_altar_abandoned, serial_bayou_crossing
D:2:      layout_loops_ring, nrook_uturn
D:3:      layout_basic, grunt_temple_overflow_open, tso_oasis_becter

Skill      XL: |  1  2  3  4 |
---------------+-------------+-----
Armour         | 4 5 |  5.1
Shields        | 4 |  4.5
Fighting       | 4 |  4.1
Axes           | 3 |  3.7
Dodging        | |  0.8
Stealth        | |  0.1

Action                   |  1- 3 |  4- 6 || total
-------------------------+-------+-------++-------
Melee: War axe           |    88 |    27 ||   115
       Headbutt          |    19 |     4 ||    23
  Use: Potion            |       |     1 ||     1
Armor: Scale mail        |    41 |    16 ||    57
Dodge: Dodged            |    29 |     8 ||    37
Block: Kite shield       |    51 |     8 ||    59

Table legend: (Time is in decaauts)
 A = Elapsed time spent in this place.
 B = Non-inter-level travel time spent in this place.
 C = Inter-level travel time spent in this place.
 D = Time resting spent in this place.
 E = Time spent auto-exploring this place.
 F = Levels seen in this place.
 G = Mean time per level.
                   A        B        C        D        E       F      G
               +--------+--------+--------+--------+--------+-----+--------+
         Total |   2052 |   2009 |     43 |      0 |   1696 |   3 |  684.0 |
       Dungeon |   2052 |   2009 |     43 |      0 |   1696 |   3 |  684.0 |
               +--------+--------+--------+--------+--------+-----+--------+

Top non-repeatable levels by time:
     D:2: 852 daAuts
     D:1: 729 daAuts
     D:3: 471 daAuts
